 Dungeon Crawl Stone Soup version 0.30-a0-845-g7c6808c8ce (webtiles) character file.

Game seed: 8020355678961123660

309 Sweetruy1997 the Chopper (level 6, -2/32 HPs)
             Began as a Vine Stalker Fighter on Mar 3, 2023.
             Slain by Pikel
             ... wielding a +1 whip of freezing
              (4 damage)
             ... on level 4 of the Dungeon on Mar 6, 2023.
             The game lasted 00:06:33 (2561 turns).

Sweetruy1997 the Chopper (Vine Stalker Fighter)     Turns: 2561, Time: 00:06:34

Health: -2/32      AC:  9    Str: 19    XL:     6   Next: 41%
Magic:  0/7        EV:  9    Int:  8    God:
Gold:   218        SH:  5    Dex: 15    Spells: 5/5 levels left

rFire   . . .      SeeInvis .    a - +0 war axe
rCold   . . .      Faith    .    c - +0 buckler
rNeg    . . .      Spirit   +    b - +0 scale mail
rPois   .          Reflect  .    (no helmet)
rElec   .          Rampage  .    i - +1 cloak
rCorr   .                        (no gloves)
Will    .....                    (no boots) Stlth
                                 (no amulet)
HPRegen 1.05/turn                (no ring)
MPRegen 0.10/turn                (no ring)

@: no status effects
A: fangs 2, regeneration 1, magic shield, antimagic bite, no potion heal 2
a: no special abilities


You were on level 4 of the Dungeon.
You visited 1 branch of the dungeon, and saw 4 of its levels.

You collected 218 gold pieces.

Inventory:

Hand Weapons
 a - a +0 war axe (weapon)
Missiles
 t - 6 boomerangs (quivered)
Armour
 b - a +0 scale mail (worn)
 c - a +0 buckler (worn)
 i - a +1 cloak (worn)
Scrolls
 f - a scroll of amnesia {unknown}
 g - a scroll of enchant weapon {unknown}
 j - a scroll of teleportation
 k - a scroll of vulnerability {unknown}
 n - a scroll of noise {unknown}
 o - a scroll of summoning {unknown}
 p - a scroll of fear {unknown}
 q - a scroll of immolation {unknown}
Potions
 d - 3 potions of might
 e - a potion of resistance {unknown}
 l - a potion of haste {unknown}
 m - a potion of attraction {unknown}
 r - 6 potions of degeneration {unknown}
 s - a potion of magic {unknown}


   Skills:
 - Level 3.0 Fighting
 + Level 4.4 Axes
 + Level 0.8 Throwing
 + Level 3.6 Armour
 + Level 0.9 Dodging
 + Level 0.5 Stealth
 - Level 3.0 Shields


You had 5 spell levels left.
You didn't know any spells.
Your spell library contained the following spells:

 Spells                   Type           Power      Damage    Failure   Level
 Static Discharge         Conj/Air       0%         2-2/arc   95%         2
 Vhi's Electric Charge    Tloc/Air       0%         N/A       99%         3
 Arcjolt                  Conj/Air       0%         1d10      100%        5
 Lightning Bolt           Conj/Air       0%         1d11      100%        5


Dungeon Overview and Level Annotations

Branches:
Dungeon (4/15)
 Temple: D:4-7

Altars:
Okawaru
Trog
Vehumet

Annotations:
D:4 5 runed translucent doors, Ijyb; Pikel; relicbr's ghost, amateur MiGl


Innate Abilities, Weirdness & Mutations

You have extremely sharp teeth.
Your natural rate of healing is unusually fast.
When hurt, damage is shared between your health and your magic reserves.
Your bite disrupts and absorbs the magic of your enemies.
Potions cannot restore your health.


Message History

Pikel is severely wounded.
Pikel hits you with a +1 whip of freezing.
Pikel freezes you.
You hit Pikel but do no damage. You bite Pikel, but do no damage.
Pikel is severely wounded.
Pikel hits you but does no damage.
You hit Pikel but do no damage. You bite Pikel, but do no damage.
Pikel is severely wounded.
Pikel closely misses you.
Pikel hits you with a +1 whip of freezing.
Pikel freezes you.
You hit Pikel but do no damage.
Pikel is severely wounded.
Pikel hits you with a +1 whip of freezing.
Pikel freezes you.
You closely miss Pikel. Your bite misses Pikel.
Pikel is severely wounded.
Pikel hits you with a +1 whip of freezing.
Pikel freezes you.
You hit Pikel. Your bite misses Pikel.
Pikel is severely wounded.
Pikel hits you with a +1 whip of freezing.
Pikel freezes you.
Pikel hits you with a +1 whip of freezing!
Pikel freezes you.
* * * LOW HITPOINT WARNING * * *
You slash Pikel!
Pikel is almost dead.
Pikel barely misses you.
You closely miss Pikel. Your bite misses Pikel.
Pikel is almost dead.
Pikel hits you with a +1 whip of freezing!
* * * LOW HITPOINT WARNING * * *
Pikel freezes you.
* * * LOW HITPOINT WARNING * * *
You closely miss Pikel. Your bite misses Pikel.
Pikel is almost dead.
Pikel misses you.
Pikel hits you with a +1 whip of freezing.
You die...

!...#......# †...#......#
....#...(..# ....#......#
..###......#######
######+###.......#
.........#..[....########..
.........#.......#5........
#######..#......@K55.......
#.....#..#.......#5........
#?~~~~+...#......#.........
#.....#...#......#.....##..
#######...'......#.....# .
......#...#......+.....+
......#####......#.....#
......##_'.......#.....#
......#####......#+########+#...


You could see Pikel and 4 lemures.

Vanquished Creatures
  Blork the orc (D:4)
  A scorpion (D:4)
  A howler monkey (D:4)
  A sleepcap (D:4)
  An iguana (D:4)
  An orc wizard (D:4)
  A gnoll (D:3)
  A worm (D:2)
  2 orcs (D:4)
  6 endoplasms
  2 giant cockroaches (D:1)
  3 hobgoblins
  9 jackals
  A quokka (D:4)
  5 ball pythons
  3 bats
  6 frilled lizards
  5 goblins
  7 kobolds
  2 rats
59 creatures vanquished.

Notes
Turn   | Place    | Note
-------+----------+-------------------------------------------
     0 | D:1      | Sweetruy1997 the Vine Stalker Fighter began the quest for
                  | the Orb.
     0 | D:1      | Reached XP level 1. HP: 11/11 MP: 2/2
   319 | D:1      | Reached XP level 2. HP: 16/16 MP: 3/3
   779 | D:2      | You fall into a shaft and drop 2 floors!
   877 | D:2      | Reached skill level 2 in Axes
   948 | D:2      | Reached XP level 3. HP: 15/20 MP: 2/4
  1678 | D:3      | Found an iron altar of Okawaru.
  1838 | D:3      | Gained mutation: Your natural rate of healing is unusually
                  | fast. [Vine Stalker growth]
  1838 | D:3      | Reached XP level 4. HP: 19/24 MP: 3/5
  1878 | D:3      | Found a radiant altar of Vehumet.
  2102 | D:4      | Reached skill level 3 in Axes
  2148 | D:4      | Noticed a scorpion
  2149 | D:4      | Noticed Ijyb
  2185 | D:4      | Killed a scorpion
  2186 | D:4      | Reached XP level 5. HP: 28/28 MP: 4/6
  2280 | D:4      | Noticed Blork the orc
  2293 | D:4      | Killed Blork the orc
  2294 | D:4      | Reached skill level 4 in Axes
  2294 | D:4      | Reached XP level 6. HP: 21/32 MP: 3/7
  2357 | D:4      | Found a large runed translucent door.
  2358 | D:4      | Found a large runed translucent door.
  2364 | D:4      | Found a large runed translucent door.
  2364 | D:4      | Found a large runed translucent door.
  2367 | D:4      | Noticed a wyvern
  2503 | D:4      | Found a bloodstained altar of Trog.
  2506 | D:4      | Found a runed translucent door.
  2512 | D:4      | Noticed relicbr's ghost (amateur MiGl)
  2530 | D:4      | Noticed Pikel
  2560 | D:4      | HP: 1/32 [Pikel/+1 whip of freezing (3)]
  2561 | D:4      | Slain by Pikel

Illustrated notes

Levels and vault maps discovered:
D:1:      lightli_arrival_isolated_outpost, layout_basic,
          minmay_misc_feat_square
D:2:      layout_basic
D:3:      layout_loops_ring, okawaru_altar_gauntlet_db, lemuel_doored_altar
D:4:      layout_gridville, kennysheep_mini, ebering_ghost_reflecting_pool,
          minmay_hollow_rounded_squares, uniq_ijyb, uniq_pikel,
          uniq_blork_the_orc

Skill      XL: |  1  2  3  4  5 |
---------------+----------------+-----
Fighting       | 3 |  3.0
Axes           | 2 3 4 |  4.4
Shields        | 3 |  3.0
Armour         | 3 |  3.6
Throwing       | |  0.8
Dodging        | |  0.9
Stealth        | |  0.5

Action                     |  1- 3 |  4- 6 || total
---------------------------+-------+-------++-------
  Melee: War axe           |    89 |    72 ||   161
         Bite              |    20 |    22 ||    42
  Throw: Boomerang         |       |    14 ||    14
    Use: Scroll            |       |     4 ||     4
 Armour: Scale mail        |    35 |    24 ||    59
  Dodge: Dodged            |    35 |    29 ||    64
  Block: Buckler           |    27 |    17 ||    44

Table legend: (Time is in decaauts)
 A = Elapsed time spent in this place.
 B = Non-inter-level travel time spent in this place.
 C = Inter-level travel time spent in this place.
 D = Time resting spent in this place.
 E = Time spent auto-exploring this place.
 F = Levels seen in this place.
 G = Mean time per level.
                   A        B        C        D        E       F      G
               +--------+--------+--------+--------+--------+-----+--------+
         Total |   2633 |   2513 |    120 |     33 |   1957 |   4 |  658.2 |
       Dungeon |   2633 |   2513 |    120 |     33 |   1957 |   4 |  658.2 |
               +--------+--------+--------+--------+--------+-----+--------+

Top non-repeatable levels by time:
     D:3: 772 daAuts
     D:1: 700 daAuts
     D:2: 643 daAuts
     D:4: 517 daAuts
